 Dungeon Crawl Stone Soup version 0.19-a0-1025-g778f431 (webtiles) character file.

41374633 4thArraOfDagon the Champion of Chaos (level 27, 271/271 HPs)
             Began as a Minotaur Fighter on July 28, 2016.
             Was the Champion of Makhleb.
             Escaped with the Orb
             ... and 15 runes!
             The game lasted 04:14:40 (35238 turns).

4thArraOfDagon the Champion of Chaos (MiFi)        Turns: 35238, Time: 04:14:41

Health: 271/271    AC: 48    Str: 34    XL:     27
Magic:  13/13      EV: 23    Int: 12    God:    Makhleb [******]
Gold:   2838       SH: 35    Dex:  8    Spells: 6 memorised, 22 levels left

rFire  + + .     SeeInvis .     F - +9 war axe "Oxion" {antimagic, rC++ Str+5}
rCold  + + +     Gourm    .     a - +12 plate armour of Ralygam {rF+ Regen+ Int+3}
rNeg   + . .     Faith    .     g - +8 large shield of Prudence {+Inv rF- Slay+2 Stlth+}
rPois  +         Spirit   .     X - -2 hat of the Alchemist {rElec rPois rF+ rC+ rN+ MR+ rMut rCorr}
rElec  +         Dismiss  .     O - +2 cloak {MR+}
rCorr  +         Reflect  .     P - +1 pair of gloves of the Ward {Regen+ Str+3 Stlth+}
rMut   +         Harm     .     Y - +3 pair of boots of the Centipede {*Contam rCorr MP+9}
SustAt .         Clarity  +     k - necklace of Bloodlust {*Rage +Rage MR+ Int-3 Slay+3 *Curse} (curse)
MR     +++++                    G - +5 ring of evasion
Stlth  ..........               B - ring of protection from fire

@: almost entirely resistant to hostile enchantments, extremely unstealthy
A: retaliatory headbutt, horns 2, repulsion field 1, rough black scales 1,
berserk 1, clarity, clever 1, clumsy 2, deterioration 2, low mp 2, magic
resistance 1, sense surroundings 1, poison resistance, regeneration 1, subdued
magic 1
a: Minor Destruction, Lesser Servant of Makhleb, Major Destruction, Greater
Servant of Makhleb, Renounce Religion, Evoke Berserk Rage, Evoke Invisibility
0: Orb of Zot
}: 15/15 runes: decaying, serpentine, slimy, silver, golden, iron, obsidian,
icy, bone, abyssal, demonic, glowing, magical, fiery, dark


You escaped.
You worshipped Makhleb.
Makhleb was exalted by your worship.
You were not hungry.

You visited 17 branches of the dungeon, and saw 88 of its levels.
You visited Pandemonium 1 time, and saw 27 of its levels.
You visited the Abyss 1 time.
You visited 1 bazaar.
You visited 2 ziggurats, and saw 12 of their levels (deepest: 10).
You also visited: Labyrinth, Ice Cave, Volcano and Wizlab.

You collected 4402 gold pieces.
You spent 1564 gold pieces at shops.

Inventory:

Hand Weapons
 y - a +7 broad axe of electrocution
 F - the +9 war axe "Oxion" (weapon) {antimagic, rC++ Str+5}
   (You found it on level 5 of the Pits of Slime)

   It reduces the magical energy of the wielder, and disrupts the spells and
   magical abilities of those hit.
   Natural abilities and divine invocations are not affected.
   It affects your strength (+5).
   It greatly protects you from cold.
 V - the +5 broad axe of Modesty {speed, Int+4}
   (You found it on level 6 of a ziggurat)

   Attacks with this weapon are significantly faster.
   It affects your intelligence (+4).
Missiles
 N - 3 throwing nets (quivered)
Armour
 a - the +12 plate armour of Ralygam (worn) {rF+ Regen+ Int+3}
   (You found it on level 3 of the Tomb of the Ancients)

   It affects your intelligence (+3).
   It protects you from fire.
   It increases your rate of regeneration.
 c - the +2 shield of Resistance {rF+ rC+ MR+}
   (You found it on level 5 of the Pits of Slime)

   It protects you from fire.
   It protects you from cold.
   It affects your resistance to hostile enchantments.
 g - the +8 large shield of Prudence (worn) {+Inv rF- Slay+2 Stlth+}
   (You took it off a daeva in Pandemonium)

   It affects your accuracy and damage with ranged weapons and melee attacks
   (+2).
   It makes you vulnerable to fire.
   It lets you turn invisible.
   It makes you more stealthy.
 O - a +2 cloak of magic resistance (worn)
 P - the +1 pair of gloves of the Ward (worn) {Regen+ Str+3 Stlth+}
   (You found it on level 3 of the Tomb of the Ancients)

   It affects your strength (+3).
   It increases your rate of regeneration.
   It makes you more stealthy.
 X - the -2 hat of the Alchemist (worn) {rElec rPois rF+ rC+ rN+ MR+ rMut rCorr}
   (You found it in a wizard's laboratory)

   It protects you from fire.
   It protects you from cold.
   It insulates you from electricity.
   It protects you from poison.
   It protects you from negative energy.
   It affects your resistance to hostile enchantments.
   It protects you from acid and corrosion.
   It protects you from mutation.
 Y - the +3 pair of boots of the Centipede (worn) {*Contam rCorr MP+9}
   (You acquired it in Pandemonium)

   It affects your magic capacity (+9).
   It causes magical contamination when unequipped.
   It protects you from acid and corrosion.
Jewellery
 h - the amulet of Selyifas {Spirit rElec rF+ Dex+2}
   (You found it on level 7 of the Iron City of Dis)

   [amulet of guardian spirit]

   It causes incoming damage to be split between your health and magic.
   It affects your dexterity (+2).
   It protects you from fire.
   It insulates you from electricity.
 k - the cursed necklace of Bloodlust (around neck) {*Rage +Rage MR+ Int-3 Slay+3 *Curse}
   (You found it on level 3 of the Elven Halls)

   [amulet of rage]

   It affects your intelligence (-3).
   It affects your accuracy and damage with ranged weapons and melee attacks
   (+3).
   It affects your resistance to hostile enchantments.
   It lets you go berserk.
   It may make you go berserk in combat.
   It may re-curse itself when equipped.
   It has a curse placed upon it.
 B - a ring of protection from fire (left hand)
 G - a +5 ring of evasion (right hand)
 J - a +5 amulet of reflection
 K - an uncursed ring of positive energy
 L - the ring of the Archfiend {Ice *Confuse rN+ MR++ Int+2}
   (You found it on level 3 of the Tomb of the Ancients)

   [ring of ice]

   It enhances your ice magic, and weakens your fire magic.
   It affects your intelligence (+2).
   It makes you vulnerable to fire.
   It protects you from cold.
   It protects you from negative energy.
   It affects your resistance to hostile enchantments.
   It may confuse you when you take damage.
Wands
 b - a wand of hasting (8/9)
 d - a wand of acid (5/15)
 l - a wand of digging (1/24)
 A - a wand of teleportation (0/9)
 E - a wand of hasting (3/9)
 I - a wand of disintegration (0/24)
 M - a wand of teleportation (0/9)
 Z - a wand of teleportation (2/9)
Scrolls
 j - 2 scrolls of holy word
 m - a scroll of silence
 p - 8 scrolls of remove curse
 v - 7 scrolls of immolation
 z - 2 scrolls of blinking
Potions
 e - a potion of haste
 i - 5 potions of magic
 q - a potion of invisibility
 r - 2 potions of curing
 t - 9 potions of brilliance
 u - a potion of flight
 x - 2 potions of cancellation
 C - 2 potions of berserk rage
 H - a potion of heal wounds
 U - 7 potions of cure mutation
Miscellaneous
 n - a fan of gales
 s - a phial of floods
 D - 7 boxes of beasts
 W - 4 phantom mirrors
Comestibles
 f - 12 bread rations
 w - 2 meat rations


   Skills:
 - Level 26.8 Fighting
 - Level 26.1 Axes
 - Level 26.0 Armour
 - Level 17.1 Dodging
 - Level 24.1 Shields
 - Level 5.0 Spellcasting
 - Level 6.7 Hexes
 - Level 6.6 Charms
 - Level 7.4 Translocations
 * Level 26.9 Invocations


You had 22 spell levels left.
You knew the following spells:

 Your Spells              Type           Power        Failure   Level  Hunger
a - Silence               Hex/Air        #.........   100%        5    ######.
b - Apportation           Tloc           ###.......   1%          1    None
c - Sublimation of Blood  Necr           #.........   85%         2    ##.....
d - Repel Missiles        Chrm/Air       #.....       21%         2    ##.....
e - Swiftness             Chrm/Air       #.......     21%         2    ##.....
f - Passwall              Tmut/Erth      #.........   85%         2    ##.....


Dungeon Overview and Level Annotations

Branches:
Dungeon (15/15)            Temple (0/1) D:6            Lair (6/6) D:9
  Swamp (4/4) Lair:2        Snake (4/4) Lair:4        Slime (5/5) Lair:6
    Orc (2/2) D:11            Elf (3/3) Orc:2        Vaults (5/5) D:13
  Crypt (3/3) Vaults:2       Tomb (3/3) Crypt:3      Depths (5/5) D:15
   Hell (1/1)                 Dis (7/7) Hell            Geh (7/7) Hell
    Coc (7/7) Hell            Tar (7/7) Hell            Zot (5/5) Depths:5

Altars:
Fedhas
Gozag
Hepliaklqana
Makhleb
Uskayaw
Xom
Zin

Shops:
D:6 *   D:11 [*   Orc:2 ([:*   Snake:4 (

Portals:
Hell: Depths:1 Depths:2 Depths:3
Abyss: Depths:3 Depths:5
Pandemonium: Depths:4

Annotations:
D:9 exclusion: downstairs
D:13 exclusion: catoblepas
Swamp:3 Bai Suzhen
Swamp:4 1 exclusion
Elf:2 exclusion: orange crystal statue
Dis:7 Dispater
Geh:7 Asmodeus
Coc:7 exclusion: 3 ice statues, Antaeus


Innate Abilities, Weirdness & Mutations

You reflexively headbutt those who attack you in melee.
You have a pair of horns on your head.
You are surrounded by a mild repulsion field. (EV +2)
You are partially covered in rough black scales. (AC +4, Dex -1)
You tend to lose your temper in combat.
You possess an exceptional clarity of mind.
Your mind is acute. (Int +2)
You are very clumsy. (Dex -4)
Your body often deteriorates upon taking damage.
Your magical capacity is very low. (-20% MP)
You are resistant to hostile enchantments. (MR+)
You passively map a small area around you.
Your system is resistant to poisons. (rPois)
Your natural rate of healing is unusually fast.
Your spells are a little easier to cast, but a little less powerful.


Message History

You block the deep elf mage's attack. The deep elf mage barely misses you.
Unknown command.
The deep elf mage falters for a moment.
The deep elf mage gestures wildly while chanting.
Things that are here:
a short sword; an elf corpse Unknown command.
The deep elf mage falters for a moment.
There is a gate leading back out of this place, spattered with blood here.
Unknown command.
Are you sure you want to leave this ziggurat?
The deep elf mage falters for a moment.
Welcome back to the Dungeon! x2; You block the rat's attack.
There is an empty arch of ancient stone here.
Unknown command.
You block the rat's attack.
There is a staircase leading out of the dungeon here.
You can't go down here!
You block the rat's attack.
You have escaped!

..........######.####.w......#
...........###.....#####.#.....,
........#...#.#8w8#.#....# ..##
##.######.###.#≈≈≈# #....##.#
#.# #.# #.#838# #.....#.# * #.#
#.. #.#≈≈≈#,#.3.....# * #.#
###,#.#8≈8#.#.....$## #. #.# *
##..r..##......# #. #.##
##∩@.###......#####. #..#
#####*#....#....... ##.###
...3.....##..##### #...#
###########....... ###.###
,,.G....$...###. #...#
#######†### #. ###.## , ##.# #.
#..#####.# ###..# ###.
#####.#..... #....#.....


You could see a smoke demon, a dart slug and a rat.

Vanquished Creatures
  Cerebov (Pan)
  the Royal Jelly (Slime:5)
  Ereshkigal (Tar:7)
  Lom Lobon (Pan)
  Gloorx Vloq (Pan)
  Mnoleg (Pan)
  Khufu (Crypt:1)
  6 orbs of fire (Zot:5)
  Mennas (Crypt:2)
  6 ancient liches
  Boris (Tomb:2)
  32 greater mummies
  Sojobo (Tomb:3)
  Saint Roka (Vaults:5)
  A shard shrike (Coc:1)
  5 Killer Klowns
  4 caustic shrikes (Depths:4)
  Geryon (Hell)
  2 iron giants (Dis:7)
  4 bone dragons
  3 golden dragons
  4 electric golems
  8 liches
  10 Tzitzimimeh
  3 doom hounds
  12 Brimstone Fiends
  Jorgrun (Crypt:2)
  10 tentacled monstrosities
  9 pandemonium lords
  8 Ice Fiends
  7 titans
  3 Hell Sentinels
  2 deep elf master archers (Elf:3)
  27 Orb Guardians
  A deep elf blademaster (Elf:3)
  14 acid blobs
  2 quicksilver dragons
  7 sphinxes
  5 tentacled starspawn
  5 death cobs
  5 ancient champions
  17 Executioners
  The ghost of wtf the Elven Blade, an adept HEFi of Nemelex Xobeh (Snake:4)
  An eldritch tentacle (Zig:5)
  2 thorn hunters
  A draconian monk (Zot:2)
  6 tengu reavers
  12 shadow dragons
  2 revenants
  5 storm dragons
  5 greater nagas (Snake:4)
  14 azure jellies
  3 ghost moths
  10 fire giants
  An orc warlord (Orc:2)
  2 daevas (Pan)
  9 cacodemons (Pan)
  7 iron dragons
  2 draconian knights (Zot:5)
  21 balrugs
  5 frost giants
  6 deep elf sorcerers
  7 warmongers (Pan)
  15 vault wardens
  A draconian zealot (Depths:5)
  4 curse skulls
  7 chaos champions
  4 draconian shifters
  10 ghouls
  A draconian caller (Zot:3)
  5 deep elf elementalists
  A draconian annihilator (Pan)
  29 reapers
  A spriggan defender (Depths:2)
  8 ironheart preservers
  6 blood saints (Pan)
  13 very ugly things
  A corrupter (Pan)
  16 war gargoyles
  9 deep elf demonologists
  8 bennus
  2 elemental wellsprings (Coc:7)
  9 vampire knights
  2 black suns (Pan)
  14 stone giants
  6 lorocyprocas (Pan)
  7 deep elf annihilators
  2 green draconians
  3 yellow draconians
  4 eidola
  2 black draconians
  3 purple draconians
  4 mottled draconians
  3 spark wasps
  5 dire elephants (Abyss:5)
  9 ettins
  8 red draconians
  7 deep elf death magi
  A minotaur (Lab)
  25 mummy priests
  A quicksilver dragon zombie (Coc:6)
  9 fire dragons
  A merfolk impaler (Depths:1)
  22 blizzard demons
  3 kraken zombies
  8 great orbs of eyes
  22 yaktaur captains
  7 green deaths
  5 jiangshi
  6 death oozes
  7 deep elf high priests
  Fannar (D:10)
  35 vault guards
  A great orb of eyes (shapeshifter) (WizLab)
  6 rakshasas
  18 hydras
  Harold (Lair:2)
  2 juggernaut simulacra (Pan)
  4 quicksilver dragon skeletons
  13 monstrous demonspawn (Pan)
  2 hell beasts (Pan)
  13 ice dragons
  10 naga warriors
  2 death knights
  9 anacondas
  A catoblepas (Lair:6)
  3 centaur warriors
  8 ogre magi
  4 spriggan air magi
  18 hell hogs
  3 deep troll shamans
  45 death scarabs
  11 dancing weapons
  9 alligators
  An orc high priest (Orc:2)
  2 tengu warriors
  2 spriggan berserkers
  5 vampire magi
  A hell hog (shapeshifter) (WizLab)
  6 death yaks (Lair:6)
  6 shock serpents
  6 deep troll earth magi
  2 titan zombies
  7 hell knights
  10 thrashing horrors (Abyss:5)
  18 soul eaters
  A titan skeleton (Pan)
  7 naga sharpshooters
  3 wretched stars
  35 sun demons
  3 holy swine (Pan)
  5 deep elf knights
  2 iron golems
  A storm dragon zombie (Dis:7)
  An iron troll (Depths:2)
  46 skeletal warriors
  12 shadow wraiths
  6 salamander mystics (Snake:4)
  4 spatial maelstroms (Abyss:5)
  A deep troll (shapeshifter) (Vaults:5)
  7 giant orange brains
  22 swamp dragons
  A fire crab (shapeshifter) (Vaults:4)
  7 anaconda zombies
  A cherub (Pan)
  18 deep trolls
  A ghost moth zombie (Geh:7)
  2 death drakes
  2 shambling mangroves (Swamp:4)
  7 wizards
  A gelid demonspawn (Pan)
  A giant orange brain (shapeshifter) (Zig:7)
  6 torturous demonspawn (Pan)
  3 spriggan druids
  6 shadow demons
  6 flayed ghosts
  5 infernal demonspawn (Pan)
  2 spark wasp zombies
  6 unseen horrors
  7 deep elf archers
  5 storm dragon skeletons
  4 anaconda skeletons
  13 orc knights
  4 lindwurms (Snake:4)
  An anubis guard (shapeshifter) (Vaults:5)
  5 harpies (Vaults:1)
  5 putrid demonspawn (Pan)
  3 hill giants
  7 mana vipers (Snake:4)
  2 shadow dragon zombies
  3 naga ritualists (Snake:4)
  3 necromancers
  A lindwurm (shapeshifter) (WizLab)
  A hill giant (shapeshifter) (WizLab)
  25 anubis guards
  A wolf spider zombie (Tomb:1)
  2 tengu zombies
  12 phantasmal warriors
  6 ironbrand convokers
  2 hornets (Vaults:5)
  2 orb spiders (Zig:4)
  A mana viper (shapeshifter) (Zig:7)
  5 griffons
  A harpy (shapeshifter) (Depths:5)
  35 deep elf magi
  A manticore (D:13)
  4 fire giant zombies
  4 shadow dragon skeletons
  A wolf spider (Zig:4)
  4 orc sorcerers
  A stone giant zombie (Coc:1)
  6 oklob plants
  A cyclops (Vaults:1)
  3 shining eyes
  44 ugly things
  2 frost giant skeletons
  4 frost giant zombies
  4 salamanders
  19 sixfirhies
  4 iron dragon skeletons
  An elephant (shapeshifter) (Zig:7)
  12 naga magi
  A moth of wrath (shapeshifter) (WizLab)
  2 fire giant skeletons
  27 black mambas
  7 moths of wrath
  A shock serpent zombie (Tar:7)
  A dire elephant zombie (Geh:7)
  2 sphinx skeletons (Volcano)
  An apocalypse crab (Zig:7)
  A molten gargoyle (Geh:3)
  16 rust devils
  11 vault sentinels
  5 guardian serpents (Snake:4)
  7 elephants
  8 ice statues
  29 smoke demons
  A black mamba (shapeshifter) (D:11)
  A guardian serpent (shapeshifter) (Vaults:1)
  2 centaur zombies
  Psyche (D:10)
  15 spiny frogs
  3 eyes of devastation
  2 rime drakes (IceCv)
  A dire elephant skeleton (Pan)
  10 orange demons
  An emperor scorpion zombie (Geh:7)
  A catoblepas zombie (Geh:7)
  A gargoyle (D:11)
  A komodo dragon (shapeshifter) (WizLab)
  A spiny frog (shapeshifter) (WizLab)
  15 hellions
  A catoblepas skeleton (Tar:7)
  34 guardian mummies
  20 ice devils
  6 efreet
  3 komodo dragons
  9 demonic crawlers
  2 yaktaurs (shapeshifter)
  20 freezing wraiths
  A golden dragon simulacrum (Coc:1)
  18 hellwings
  23 tormentors
  4 ancient zymes
  59 yaktaurs
  14 red devils
  A jumping spider (shapeshifter) (WizLab)
  2 harpy zombies
  14 hydra zombies
  2 polar bears (shapeshifter) (WizLab)
  A spriggan skeleton (Zig:6)
  A tengu conjurer (Depths:4)
  A troll (shapeshifter) (WizLab)
  9 trolls
  2 polar bears (Lair:6)
  8 giant leeches
  A jumping spider (Zig:4)
  12 two-headed ogres
  15 blink frogs
  6 bog bodies
  A raiju (shapeshifter) (Depths:5)
  A two-headed ogre (shapeshifter) (WizLab)
  A slime creature (shapeshifter) (Vaults:5)
  11 ushabtiu
  4 boulder beetles
  2 ettin zombies
  4 fire dragon zombies
  5 hydra skeletons
  A blink frog (shapeshifter) (WizLab)
  80 slime creatures
  2 ice dragon zombies
  A tarantella (Zig:4)
  49 flying skulls
  2 alligator zombies
  3 ettin skeletons
  A snapping turtle (Tomb:3)
  3 vampires (Volcano)
  2 redbacks
  21 spriggans
  25 yaks
  10 shadows
  2 air elementals
  15 water elementals
  A tarantella (shapeshifter) (WizLab)
  A wyvern (D:14)
  16 wraiths
  10 ynoxinuls
  2 ice dragon skeletons
  2 alligator skeletons
  A spriggan (shapeshifter) (WizLab)
  A yak (shapeshifter) (WizLab)
  2 fire dragon skeletons
  34 fire elementals
  5 basilisks
  23 neqoxecs
  A human (shapeshifter) (WizLab)
  A giant leech zombie (Crypt:3)
  4 hippogriffs
  7 hungry ghosts
  A steam dragon (D:8)
  13 vampire mosquitoes
  2 hippogriffs (shapeshifter)
  15 chaos spawn
  3 spatial vortices (Abyss:5)
  5 wargs
  24 nagas
  A hydra simulacrum (Hell)
  2 insubstantial wisps (Abyss:3)
  4 spiny frog zombies
  2 soldier ants (D:14)
  14 swamp worms
  A water moccasin (shapeshifter) (WizLab)
  32 hell hounds
  30 large abominations
  12 swamp drakes
  3 giant eyeballs (shapeshifter)
  5 water moccasins
  22 ice beasts
  5 giant eyeballs
  2 porcupines
  36 orc warriors
  5 eyes of draining
  A spiny frog skeleton (Coc:6)
  2 swamp dragon zombies
  2 black bears (shapeshifter) (WizLab)
  An eye of draining (shapeshifter) (WizLab)
  5 sky beasts
  8 starcursed masses (Abyss:5)
  3 black bears (Lair:6)
  16 necrophages
  5 phantoms
  14 wasps
  An ettin simulacrum (Vaults:2)
  36 ogres
  A lindwurm skeleton (Crypt:1)
  22 wolves
  8 boggarts
  4 centaurs
  3 manticore skeletons (Volcano)
  A hog skeleton (Crypt:2)
  A swamp dragon skeleton (Pan)
  4 crocodiles
  A big kobold (D:7)
  Blork the orc (D:5)
  8 small abominations
  8 giant frogs
  A wyvern zombie (D:12)
  An earth elemental (Elf:2)
  2 spiny frog simulacra
  A water moccasin skeleton (D:10)
  3 scorpions
  6 killer bees (D:8)
  A spriggan zombie (Hell)
  3 troll skeletons (Volcano)
  2 electric eels
  31 wights
  A howler monkey (D:9)
  A giant frog zombie (D:10)
  14 crimson imps
  A wasp zombie (Crypt:1)
  A quasit (D:9)
  A yaktaur simulacrum (Vaults:1)
  11 orc priests
  2 gnoll shamans
  2 jellies
  17 orc wizards
  7 centaur skeletons
  2 giant frog skeletons (D:8)
  4 hounds
  4 iron imps
  Jessica (D:3)
  7 iguanas
  A two-headed ogre skeleton (Volcano)
  7 hell rats (Lair:6)
  A lightning spire (Zig:8)
  9 worker ants
  4 sheep (Lair:6)
  A tengu skeleton (Coc:1)
  A naga skeleton (Coc:1)
  An ogre skeleton (Volcano)
  3 hound zombies
  3 hound skeletons
  54 mummies
  2 worker ant zombies
  Robin (D:2)
  A howler monkey skeleton (D:4)
  11 adders
  6 gnolls
  22 river rats
  11 shadow imps
  26 white imps
  An adder skeleton (D:9)
  A sheep skeleton (Crypt:3)
  4 ball lightnings (Pan)
  A dart slug (D:1)
  62 orcs
  5 bats
  3 giant cockroaches
  13 goblins
  6 hobgoblins
  12 jackals
  17 kobolds
  3 quokkas
  A ball python (D:1)
  A giant gecko skeleton (D:7)
  A giant gecko zombie (D:9)
  4 giant newts
  A kobold zombie (Dis:7)
  3 rats
  A rat skeleton (Crypt:3)
  2 crawling corpses (Elf:3)
  2 fire vortices (Pan)
  A fungus (Lair:3)
  6 plants
  7 starspawn tentacles
  A starspawn tentacle segment (Zig:1)
  5 tentacles
3162 creatures vanquished.

Vanquished Creatures (collateral kills)
  A curse toe (Crypt:3)
  A deep elf blademaster (Elf:3)
  An acid blob (Zig:9)
  A greater naga (Snake:4)
  An orc warlord (Orc:1)
  A death ooze (Slime:5)
  A dancing weapon (Elf:3)
  Sonja (D:10)
  Nergalle (D:10)
  2 orc high priests (Orc:2)
  2 ugly things (Swamp:4)
  3 naga magi (Snake:4)
  An orange demon (Pan)
  A freezing wraith (Dis:7)
  A troll (Orc:2)
  A minotaur skeleton (Crypt:3)
  2 slime creatures (Zig:9)
  A warg (Orc:1)
  4 orc warriors
  A wasp zombie (D:10)
  2 orc wizards (Orc:1)
  A worker ant (D:10)
  2 gnolls (Orc:2)
  3 orcs (Orc:1)
  A kobold zombie (Tar:7)
37 creatures vanquished.

Vanquished Creatures (others)
  An Orb Guardian (Zot:5)
  A sphinx (Tomb:1)
  3 eldritch tentacles
  A storm dragon (Zot:5)
  A revenant (Tomb:2)
  A draconian monk (Zot:3)
  A ghost moth (Zot:5)
  An elemental wellspring (Coc:7)
  A blood saint (Pan)
  A deep elf demonologist (Elf:3)
  A red draconian (Zot:3)
  A purple draconian (Zot:5)
  A blizzard demon (Pan)
  A mummy priest (Tomb:2)
  A yaktaur captain (Depths:4)
  13 death scarabs (Tomb:2)
  A hell hog (Geh:4)
  A hell hog (shapeshifter) (WizLab)
  A naga sharpshooter (Snake:4)
  A deep elf archer (Elf:3)
  A deep elf mage (Elf:3)
  A moth of wrath (Zot:3)
  A salamander (Snake:4)
  A fire giant skeleton (Geh:4)
  The ghost of crawlian the Arsonist, a novice DEFE of Vehumet (D:10)
  A naga mage (Snake:4)
  An ice statue (Pan)
  An ice devil (Dis:2)
  An anaconda simulacrum (Tomb:2)
  A guardian mummy (Tomb:2)
  A two-headed ogre (Depths:2)
  An ushabti (Tomb:2)
  3 flying skulls (Tomb:2)
  A spriggan (Zig:10)
  An air elemental (Depths:2)
  A wraith (Coc:3)
  A vampire mosquito (Zig:8)
  A spatial vortex (Abyss:5)
  A hell hound (Dis:7)
  A snapping turtle zombie (Geh:3)
  A wasp (D:10)
  A centaur (D:14)
  8 mummies
  A white imp (Coc:7)
  8 ball lightnings (Pan)
  232 eldritch tentacle segments
  7 fungi
  A plant (Lair:6)
  5 starspawn tentacles
  79 starspawn tentacle segments
  11 tentacles
  161 tentacle segments
571 creatures vanquished.

Grand Total: 3770 creatures vanquished

Notes
Turn   | Place    | Note
-------+----------+-------------------------------------------
     0 | D:1      | 4thArraOfDagon the Minotaur Fighter began the quest for the Orb.
     0 | D:1      | Reached XP level 1. HP: 19/19 MP: 0/0
   101 | D:2      | Noticed Robin
   112 | D:1      | Reached XP level 2. HP: 27/27 MP: 1/1
   249 | D:3      | Noticed Jessica
   268 | D:3      | Killed Jessica
   268 | D:3      | Reached XP level 3. HP: 17/33 MP: 2/2
   358 | D:4      | Reached XP level 4. HP: 14/41 MP: 3/3
   378 | D:4      | Noticed a phantom
   711 | D:5      | Entered Level 5 of the Dungeon
   720 | D:5      | Reached XP level 5. HP: 47/47 MP: 4/4
   751 | D:5      | Reached skill level 5 in Axes
   791 | D:5      | Reached skill level 5 in Fighting
   801 | D:5      | Noticed Blork the orc
   802 | D:5      | Noticed an ogre
   814 | D:5      | Killed Blork the orc
   814 | D:5      | Reached skill level 5 in Armour
   814 | D:5      | Reached XP level 6. HP: 37/56 MP: 5/5
   850 | D:5      | Got a faintly glowing hand axe
   851 | D:5      | Identified the +8 hand axe of Amorality {drain, Stlth+} (You found it on level 5 of the Dungeon)
  1088 | D:6      | Reached XP level 7. HP: 62/62 MP: 6/6
  1102 | D:5      | Gained mutation: Your muscles are strong. (Str +2) [mutagenic meat]
  1105 | D:5      | Gained mutation: You have a somewhat thin skeletal structure. (Dex +2, Stealth) [mutagenic meat]
  1108 | D:5      | Gained mutation: Your flesh is heat resistant. (rF+) [mutagenic meat]
  1114 | D:5      | Gained mutation: Your magical capacity is low. (-10% MP) [mutagenic meat]
  1169 | D:6      | Found Oboatisch's Assorted Antiques.
  1172 | D:6      | Bought a scroll labeled CAPPUU PAUGH for 27 gold pieces
  1172 | D:6      | Bought a scroll labeled PEGOJ VEIFEYNK for 27 gold pieces
  1172 | D:6      | Bought a brown potion for 24 gold pieces
  1172 | D:6      | Bought a scroll labeled VARAL KOCWIG for 27 gold pieces
  1190 | D:6      | Found a glowing silver altar of Zin.
  1221 | D:6      | hmmmmm
  1381 | D:6      | Found a hazy altar of Hepliaklqana.
  1386 | D:6      | Found a burning altar of Makhleb.
  1394 | D:6      | Became a worshipper of Makhleb the Destroyer
  1400 | D:6      | Found a blossoming altar of Fedhas.
  1518 | D:8      | Found an opulent altar of Gozag.
  1600 | D:7      | Noticed a hippogriff
  1607 | D:7      | Killed a hippogriff
  1608 | D:7      | Reached XP level 8. HP: 71/71 MP: 6/6
  1641 | D:7      | Found a hide-covered altar of Uskayaw.
  1825 | D:7      | Reached skill level 1 in Invocations
  1834 | D:7      | Reached * piety under Makhleb
  2006 | D:8      | Found a runed door.
  2020 | D:8      | Noticed a griffon
  2030 | D:8      | Killed a griffon
  2030 | D:8      | Reached skill level 10 in Axes
  2030 | D:8      | Reached XP level 9. HP: 81/81 MP: 7/9
  2201 | D:10     | Entered Level 10 of the Dungeon
  2225 | D:10     | Noticed Nergalle
  2239 | D:10     | Noticed crawlian's ghost (novice DEFE)
  2272 | D:9      | Noticed a troll
  2276 | D:9      | Killed a troll
  2523 | D:9      | Reached ** piety under Makhleb
  2577 | D:10     | Noticed a hill giant
  2586 | D:10     | Killed a hill giant
  2586 | D:10     | Reached XP level 10. HP: 89/89 MP: 9/11
  2618 | D:10     | Noticed Fannar
  2730 | D:9      | You fall through a shaft for 2 floors!
  2791 | D:11     | Found Fogo's General Store.
  2800 | D:11     | Bought a scroll of teleportation for 42 gold pieces
  2800 | D:11     | Bought a scroll of magic mapping for 49 gold pieces
  2800 | D:11     | Bought a scroll of fog for 28 gold pieces
  2855 | D:13     | Noticed a catoblepas
  2866 | D:13     | Noticed a hill giant
  2883 | D:13     | Noticed a manticore
  2931 | D:13     | Found a labyrinth entrance.
  2940 | Lab      | Entered a labyrinth
  2958 | Lab      | WTF IS THIS'
  3048 | Lab      | Reached skill level 5 in Invocations
  3247 | Lab      | sad shit ;(
  3360 | Lab      | Noticed a minotaur
  3370 | Lab      | Killed a minotaur
  3389 | Lab      | Got a pitted morningstar
  3389 | Lab      | Got a brightly glowing leather armour
  3389 | Lab      | Got a transparent scale mail
  3389 | Lab      | Got a twisted shield
  3390 | Lab      | Identified the +9 morningstar "Bekhit" {flame, rC+ MR- Str+4} (You found it in a labyrinth)
  3401 | Lab      | Identified the +1 scale mail of the Salmon {rElec rPois Dex+4 Stlth+} (You found it in a labyrinth)
  3421 | Lab      | Identified the +2 shield of Trial and Error {rPois rF+ Dex-3 Stlth+} (You found it in a labyrinth)
  3463 | D:13     | Found a frozen archway.
  3487 | IceCv    | Entered an ice cave
  3496 | IceCv    | Reached *** piety under Makhleb
  3497 | IceCv    | Reached skill level 10 in Armour
  3524 | IceCv    | Reached skill level 10 in Fighting
  3582 | IceCv    | Noticed an ice statue
  3629 | IceCv    | Reached XP level 11. HP: 89/98 MP: 13/13
  3826 | IceCv    | Noticed an ice dragon
  3826 | IceCv    | Noticed an ice dragon
  3994 | D:14     | Noticed a deep elf mage
  4060 | D:14     | Noticed a hill giant
  4070 | D:14     | Killed a hill giant
  4102 | D:14     | Noticed a red ugly thing
  4102 | D:14     | Noticed a red ugly thing
  4102 | D:14     | Noticed a red ugly thing
  4108 | D:14     | Noticed a red ugly thing
  4118 | D:14     | Noticed a red ugly thing
  4119 | D:14     | Noticed a red ugly thing
  4123 | D:14     | Killed a white ugly thing
  4127 | D:14     | Killed a purple ugly thing
  4136 | D:14     | Killed a red ugly thing
  4149 | D:14     | Killed a cyan ugly thing
  4154 | D:14     | Killed a red ugly thing
  4156 | D:14     | Killed a red ugly thing
  4196 | D:13     | Reached **** piety under Makhleb
  4206 | D:13     | Gained mutation: You are surrounded by a mild repulsion field. (EV +2) [mutagenic meat]
  4212 | D:13     | Gained mutation: You are dopey. (Int -2) [mutagenic meat]
  4215 | D:13     | Lost mutation: Your flesh is heat resistant. (rF+) [mutagenic meat]
  4221 | D:13     | Lost mutation: You are dopey. (Int -2) [mutagenic meat]
  4224 | D:13     | Lost mutation: Your muscles are strong. (Str +2) [mutagenic meat]
  4227 | D:13     | Gained mutation: You evolve. [mutagenic meat]
  4239 | D:13     | Gained mutation: You are resistant to hostile enchantments. (MR+) [mutagenic meat]
  4242 | D:13     | Gained mutation: You are clumsy. (Dex -2) [mutagenic meat]
  4245 | D:13     | Gained mutation: You are partially covered in rough black scales. (AC +4, Dex -1) [mutagenic meat]
  4248 | D:13     | Lost mutation: You are resistant to hostile enchantments. (MR+) [mutagenic meat]
  4251 | D:13     | Gained mutation: Your natural rate of healing is unusually fast. [mutagenic meat]
  4299 | D:15     | Entered Level 15 of the Dungeon
  4452 | D:14     | Noticed a griffon
  4463 | D:14     | Killed a griffon
  4632 | D:15     | Learned a level 5 spell: Silence
  4680 | D:14     | Reached XP level 12. HP: 110/110 MP: 15/15
  4801 | D:11     | Found Ephiocra's Antique Armour Boutique.
  4809 | D:11     | Bought a scorched scale mail for 189 gold pieces
  4809 | D:11     | Bought a pair of embroidered boots for 94 gold pieces
  4824 | D:11     | Identified the cursed +1 scale mail of the Three Lives {Dex+3} (You bought it in a shop on level 11 of the Dungeon)
  4917 | D:11     | Found a staircase to the Orcish Mines.
  4988 | Orc:1    | Entered Level 1 of the Orcish Mines
  4998 | Orc:1    | Reached ***** piety under Makhleb
  5063 | Orc:1    | Lost mutation: You evolve. [evolution]
  5070 | Orc:2    | Entered Level 2 of the Orcish Mines
  5070 | Orc:2    | Found Kyskioff's General Store.
  5073 | Orc:2    | Noticed an orc high priest
  5140 | Orc:2    | Noticed an orc warlord
  5142 | Orc:2    | Noticed an orc high priest
  5205 | Orc:2    | Killed an orc warlord
  5205 | Orc:2    | Reached skill level 15 in Axes
  5436 | Orc:2    | Killed an orc high priest
  5501 | Orc:2    | Found a staircase to the Elven Halls.
  5513 | Orc:2    | Found Voudim's Antique Armour Boutique.
  5626 | Orc:2    | Found Peant's Antique Weapon Shoppe.
  5789 | Orc:2    | Noticed an orc high priest
  5825 | Orc:2    | Killed an orc high priest
  5846 | Orc:2    | Killed an orc high priest
  5855 | Orc:2    | Found Riesa's Book Shop.
  5896 | Orc:2    | Noticed a stone giant
  5933 | Orc:2    | Killed a stone giant
  5960 | Orc:2    | Bought a scroll of identify for 28 gold pieces
  5960 | Orc:2    | Bought a scroll of identify for 28 gold pieces
  5960 | Orc:2    | Bought a scroll of enchant weapon for 105 gold pieces
  6008 | Orc:1    | Noticed an orc warlord
  6038 | Orc:1    | Killed an orc warlord
  6202 | Orc:2    | Bought a wand of hasting (5/9) for 756 gold pieces
  6202 | Orc:2    | Bought a scroll of immolation for 49 gold pieces
  6314 | D:10     | Killed Nergalle
  6314 | D:10     | Reached XP level 13. HP: 114/119 MP: 16/16
  6369 | D:10     | Killed Fannar
  6558 | D:10     | Noticed Psyche
  6847 | D:10     | Noticed Sonja
  6857 | D:10     | Killed Sonja
  6891 | D:10     | Killed crawlian's ghost
  7219 | D:11     | Found a runed door.
  7227 | D:11     | Noticed an ettin
  7251 | D:11     | Killed an ettin
  7296 | D:11     | Identified the Compendium of Unstable Darkness (You found it on level 11 of the Dungeon)
  7305 | D:11     | Learned a level 1 spell: Apportation
  7323 | D:11     | Learned a level 2 spell: Sublimation of Blood
  7710 | D:10     | Killed Psyche
  8261 | D:9      | Found a staircase to the Lair.
  8264 | D:9      | unbelievable :(
  8266 | Lair:1   | Entered Level 1 of the Lair of Beasts
  8324 | Lair:2   | Found a staircase to the Swamp.
  8348 | Swamp:1  | Entered Level 1 of the Swamp
  8593 | Swamp:3  | Noticed Bai Suzhen
  8647 | Swamp:4  | Entered Level 4 of the Swamp
  8700 | Swamp:4  | Reached skill level 10 in Invocations
  8719 | Swamp:3  | Noticed a thorn hunter
  8733 | Swamp:3  | Killed a thorn hunter
  8797 | Swamp:4  | Reached XP level 14. HP: 130/130 MP: 18/18
  8910 | Swamp:4  | Noticed a thorn hunter
  8930 | Swamp:4  | Killed a thorn hunter
  8983 | Swamp:4  | HP: 3/130 [swamp dragon (6)]
  9128 | Swamp:4  | Got a decaying rune of Zot
  9272 | Swamp:3  | Noticed a thorn hunter
  9415 | Lair:2   | Noticed Harold
  9429 | Lair:2   | Killed Harold
  9470 | Lair:3   | Got a shimmering chain mail
  9643 | Lair:4   | Reached ****** piety under Makhleb
  9664 | Lair:4   | Reached XP level 15. HP: 139/139 MP: 20/20
  9791 | Lair:4   | Found a staircase to the Snake Pit.
  9806 | Snake:1  | Entered Level 1 of the Snake Pit
  9928 | Snake:1  | Identified the +1 chain mail of Feameeq {rPois} (You found it on level 3 of the Lair of Beasts)
 10051 | Snake:1  | Reached skill level 15 in Fighting
 10301 | Snake:3  | Found a flickering gateway to a bazaar.
 10319 | Bazaar   | Entered a bazaar
 10324 | Bazaar   | Found Ytul's Weapon Shoppe.
 10340 | Bazaar   | Found Wiykkexeh's Assorted Antiques.
 10345 | Bazaar   | Found Laguutauho's Armour Boutique.
 10348 | Bazaar   | Bought a scroll of magic mapping for 91 gold pieces
 10350 | Bazaar   | Found Vaqa's Jewellery Boutique.
 10385 | Snake:4  | Entered Level 4 of the Snake Pit
 10435 | Snake:4  | Found Ullud's Antique Weapon Shoppe.
 10489 | Snake:4  | Identified the +0 buckler "Besonwun" {MR++} (You found it on level 4 of the Snake Pit)
 10551 | Snake:4  | Noticed wtf's ghost (adept HEFi)
 10588 | Snake:4  | Killed wtf's ghost
 10613 | Snake:4  | Reached skill level 15 in Armour
 10625 | Snake:4  | Reached skill level 5 in Shields
 10766 | Snake:4  | Noticed a greater naga
 10768 | Snake:4  | Noticed a greater naga
 10769 | Snake:4  | Noticed a greater naga
 10781 | Snake:4  | magipi: hello
 10782 | Snake:4  | Killed a greater naga
 10793 | Snake:4  | Killed a greater naga
 10796 | Snake:4  | Killed a greater naga
 10917 | Snake:4  | Noticed a greater naga
 10930 | Snake:4  | Noticed a greater naga
 10932 | Snake:4  | Killed a greater naga
 10945 | Snake:4  | Killed a greater naga
 10945 | Snake:4  | Reached XP level 16. HP: 105/149 MP: 21/21
 11186 | Snake:4  | Got a serpentine rune of Zot
 11532 | Lair:6   | Entered Level 6 of the Lair of Beasts
 11641 | Lair:6   | Found a dark tunnel.
 11646 | Volcano  | Entered a volcano
 11937 | Lair:6   | Found a staircase to the Slime Pits.
 12239 | Lair:6   | Learned a level 2 spell: Repel Missiles
 12242 | Lair:6   | Learned a level 2 spell: Swiftness
 12344 | Lair:6   | Reached XP level 17. HP: 158/158 MP: 22/22
 12372 | Slime:1  | Entered Level 1 of the Pits of Slime
 12377 | Slime:1  | Noticed an acid blob
 12493 | Slime:2  | Noticed an acid blob
 12494 | Slime:2  | Noticed an acid blob
 12498 | Slime:3  | Noticed an acid blob
 12535 | Slime:5  | Entered Level 5 of the Pits of Slime
 12675 | Slime:5  | Noticed an acid blob
 12739 | Slime:5  | Killed an acid blob
 12741 | Slime:5  | Noticed an acid blob
 12784 | Slime:5  | Killed an acid blob
 12948 | Slime:5  | Noticed the Royal Jelly
 12949 | Slime:5  | :O
 13016 | Slime:5  | Noticed an acid blob
 13024 | Slime:5  | Killed an acid blob
 13024 | Slime:5  | Noticed an acid blob
 13024 | Slime:5  | Noticed an acid blob
 13024 | Slime:5  | Noticed an acid blob
 13024 | Slime:5  | Killed the Royal Jelly
 13027 | Slime:5  | Killed an acid blob
 13027 | Slime:5  | Killed an acid blob
 13027 | Slime:5  | Killed an acid blob
 13045 | Slime:5  | Gained mutation: You are weak. (Str -2) [a shining eye]
 13195 | Slime:5  | Got an ichor-stained war axe
 13196 | Slime:5  | Identified the +9 war axe "Oxion" {antimagic, rC++ Str+5} (You found it on level 5 of the Pits of Slime)
 13216 | Slime:5  | Noticed an acid blob
 13230 | Slime:5  | Killed an acid blob
 13266 | Slime:5  | Noticed an acid blob
 13279 | Slime:5  | Killed an acid blob
 13340 | Slime:5  | Got a slimy rune of Zot
 13343 | Slime:5  | Got a jewelled chain mail
 13354 | Slime:5  | Identified the +2 chain mail of Shadows and Fog {Dex+4} (You found it on level 5 of the Pits of Slime)
 13424 | Slime:2  | Noticed an acid blob
 13440 | Slime:2  | Killed an acid blob
 13449 | Slime:1  | Noticed an acid blob
 13469 | Slime:1  | Killed an acid blob
 13592 | Slime:1  | Noticed an acid blob
 13599 | Slime:1  | Killed an acid blob
 13619 | Slime:1  | Killed an acid blob
 13623 | Slime:1  | Reached skill level 10 in Shields
 14092 | Elf:1    | Entered Level 1 of the Elven Halls
 14355 | Elf:2    | Reached XP level 18. HP: 170/170 MP: 7/23
 14452 | Elf:2    | Found a magical portal.
 14457 | WizLab   | Entered Cigotuvi's Fleshworks
 14621 | WizLab   | Paralysed by a giant eyeball for 3 turns
 14754 | WizLab   | Gained mutation: Your mind is acute. (Int +2) [potion of beneficial mutation]
 14766 | WizLab   | magipi: wow
 14766 | WizLab   | Lost mutation: You are clumsy. (Dex -2) [potion of mutation]
 14766 | WizLab   | Gained mutation: Your mind is very acute. (Int +4) [potion of mutation]
 14766 | WizLab   | Gained mutation: Your magical capacity is very low. (-20% MP) [potion of mutation]
 14767 | WizLab   | Gained mutation: You possess an exceptional clarity of mind. [potion of mutation]
 14767 | WizLab   | Lost mutation: Your magical capacity is very low. (-20% MP) [potion of mutation]
 14767 | WizLab   | Gained mutation: You passively map a small area around you. [potion of mutation]
 14768 | WizLab   | Lost mutation: You are weak. (Str -2) [potion of mutation]
 14769 | WizLab   | Lost mutation: You have a somewhat thin skeletal structure. (Dex +2, Stealth) [potion of mutation]
 14772 | WizLab   | Gained mutation: Your system is resistant to poisons. (rPois) [potion of beneficial mutation]
 14778 | WizLab   | Gained mutation: You are resistant to hostile enchantments. (MR+) [potion of beneficial mutation]
 14781 | WizLab   | Gained mutation: You are robust. (+10% HP) [potion of beneficial mutation]
 14798 | WizLab   | 4thArraOfDagon: ther :D
 14798 | WizLab   | magipi: nice
 14914 | Elf:3    | Entered Level 3 of the Elven Halls
 15561 | Elf:3    | Got an ancient chain mail
 15566 | Elf:3    | Identified the Tome of the Frostbite (You found it on level 3 of the Elven Halls)
 15569 | Elf:3    | Identified The Hermit's Heritage, Part One (You found it on level 3 of the Elven Halls)
 15576 | Elf:3    | Identified the Reference Book on Destructive Calling (You found it on level 3 of the Elven Halls)
 15577 | Elf:3    | Identified the Reference Book on the Blistering Rocks (You found it on level 3 of the Elven Halls)
 15580 | Elf:3    | Learned a level 2 spell: Passwall
 15593 | Elf:3    | Identified the +1 chain mail of Sunlight {rC+ Slay+3} (You found it on level 3 of the Elven Halls)
 15664 | Elf:3    | Got a brightly glowing ice dragon armour
 15675 | Elf:3    | Identified the +2 ice dragon armour "Xavija" {rF- rC++ Dex+2 Stlth+} (You found it on level 3 of the Elven Halls)
 15954 | D:13     | Found a gate to the Vaults.
 15971 | D:13     | Reached XP level 19. HP: 190/196 MP: 9/24
 16003 | Vaults:1 | Entered Level 1 of the Vaults
 16165 | Vaults:1 | You fall through a shaft!
 16239 | Vaults:2 | Got an encrusted ring mail
 16511 | Vaults:2 | Identified the +2 ring mail of the Castellan {Str+4} (You found it on level 2 of the Vaults)
 16703 | Vaults:4 | Noticed a lich
 16707 | Vaults:4 | Killed a lich
 16707 | Vaults:4 | Reached skill level 15 in Shields
 16707 | Vaults:4 | Reached skill level 1 in Translocations
 16733 | Vaults:4 | Reached skill level 1 in Spellcasting
 16876 | Vaults:5 | Entered Level 5 of the Vaults
 16941 | Vaults:5 | Reached XP level 20. HP: 207/207 MP: 25/25
 17018 | Vaults:5 | Got a silver rune of Zot
 17163 | Vaults:5 | Reached skill level 5 in Translocations
 17330 | Vaults:5 | Noticed Saint Roka
 17351 | Vaults:5 | Killed Saint Roka
 17427 | Vaults:5 | Noticed a golden dragon
 17451 | Vaults:5 | Killed a golden dragon
 17461 | Vaults:5 | :(
 17537 | Vaults:5 | Reached XP level 21. HP: 218/218 MP: 26/26
 17556 | Vaults:5 | Identified the Reference Book on Lethal Flames (You found it on level 5 of the Vaults)
 17736 | Vaults:3 | :(
 17917 | Vaults:2 | Reached skill level 5 in Spellcasting
 17981 | Vaults:2 | Found a staircase to the Crypt.
 17993 | Crypt:1  | Entered Level 1 of the Crypt
 18020 | Crypt:1  | Reached skill level 1 in Hexes
 18020 | Crypt:1  | Reached skill level 1 in Charms
 18044 | Crypt:1  | Noticed a greater mummy
 18059 | Crypt:1  | Noticed a greater mummy
 18066 | Crypt:1  | Killed a greater mummy
 18071 | Crypt:1  | Killed a greater mummy
 18072 | Crypt:1  | Noticed Khufu
 18079 | Crypt:1  | Killed Khufu
 18142 | Crypt:2  | Noticed an ancient lich
 18152 | Crypt:2  | Noticed Jorgrun
 18163 | Crypt:2  | Killed an ancient lich
 18188 | Crypt:2  | Noticed Mennas
 18190 | Crypt:2  | Killed Jorgrun
 18232 | Crypt:2  | Killed Mennas
 18258 | Crypt:3  | Entered Level 3 of the Crypt
 18277 | Crypt:3  | Reached skill level 5 in Hexes
 18309 | Crypt:3  | Reached skill level 5 in Charms
 18633 | Crypt:3  | Noticed a curse toe
 18642 | Crypt:3  | Reached XP level 22. HP: 197/226 MP: 27/27
 18652 | Crypt:3  | Killed a curse toe
 18691 | Crypt:3  | Noticed an ancient lich
 18705 | Crypt:3  | Killed an ancient lich
 18710 | Crypt:3  | Identified Iqop's Disquisition on Sinister Secrets (You found it on level 3 of the Crypt)
 18711 | Crypt:3  | Identified the ring "Piguocoh" {rC+ MP+9 Int+4} (You found it on level 3 of the Crypt)
 18713 | Crypt:3  | Identified the ring of Qujyuv {rC+ Stlth-} (You found it on level 3 of the Crypt)
 19066 | Crypt:3  | Found a staircase to the Tomb.
 19075 | Tomb:1   | Entered Level 1 of the Tomb of the Ancients
 19236 | Tomb:1   | Noticed a greater mummy
 19266 | Tomb:1   | Killed a greater mummy
 19430 | Tomb:1   | Noticed a greater mummy
 19452 | Tomb:1   | Killed a greater mummy
 19561 | Tomb:2   | Noticed a greater mummy
 19597 | Tomb:2   | Noticed Boris
 19635 | Tomb:2   | Killed Boris
 19644 | Tomb:2   | Noticed a greater mummy
 19665 | Tomb:2   | Killed a greater mummy
 19666 | Tomb:2   | HP: 9/227 [greater mummy/divine providence (14)]
 19714 | Tomb:2   | Killed a greater mummy
 19715 | Tomb:2   | Noticed a greater mummy
 19723 | Tomb:2   | Noticed a greater mummy
 19725 | Tomb:2   | Killed a greater mummy
 19735 | Tomb:2   | Killed a greater mummy
 19997 | Tomb:1   | Noticed a greater mummy
 19999 | Tomb:1   | Noticed a greater mummy
 19999 | Tomb:1   | Noticed a greater mummy
 20001 | Tomb:1   | Noticed a greater mummy
 20001 | Tomb:1   | Noticed a greater mummy
 20001 | Tomb:1   | Noticed a greater mummy
 20002 | Tomb:1   | Noticed a greater mummy
 20215 | Tomb:2   | Killed a greater mummy
 20337 | Tomb:1   | Noticed a greater mummy
 20338 | Tomb:2   | WHY
 20381 | Tomb:2   | Killed a greater mummy
 20381 | Tomb:2   | Reached XP level 23. HP: 104/247 MP: 9/28
 20442 | Tomb:2   | Killed a greater mummy
 20565 | Tomb:2   | Killed a greater mummy
 20578 | Tomb:2   | Killed a greater mummy
 20708 | Tomb:2   | Killed a greater mummy
 20741 | Tomb:2   | Killed a greater mummy
 20790 | Tomb:2   | Killed a greater mummy
 20826 | Tomb:1   | Noticed a greater mummy
 20851 | Tomb:1   | Killed a greater mummy
 20884 | Tomb:1   | Noticed a greater mummy
 20896 | Tomb:1   | Noticed a greater mummy
 20897 | Tomb:1   | Killed a greater mummy
 20906 | Tomb:1   | Killed a greater mummy
 20998 | Tomb:1   | Noticed a greater mummy
 21013 | Tomb:1   | Killed a greater mummy
 21027 | Tomb:1   | Noticed a greater mummy
 21060 | Tomb:1   | Killed a greater mummy
 21092 | Tomb:1   | Noticed a greater mummy
 21100 | Tomb:1   | Noticed a greater mummy
 21144 | Tomb:1   | Killed a greater mummy
 21190 | Tomb:1   | Killed a greater mummy
 21257 | Tomb:3   | Entered Level 3 of the Tomb of the Ancients
 21273 | Tomb:3   | Noticed a greater mummy
 21275 | Tomb:3   | Noticed a greater mummy
 21507 | Tomb:3   | HP: 8/251 [greater mummy/divine providence (14)]
 21856 | Tomb:2   | Killed a greater mummy
 21918 | Tomb:2   | Killed a greater mummy
 22017 | Tomb:3   | Noticed a greater mummy
 22033 | Tomb:3   | Killed a greater mummy
 22033 | Tomb:3   | Reached XP level 24. HP: 192/259 MP: 9/28
 22167 | Tomb:3   | Noticed a greater mummy
 22167 | Tomb:3   | Noticed Sojobo
 22168 | Tomb:3   | WHAT THE
 22189 | Tomb:3   | Killed Sojobo
 22204 | Tomb:3   | Killed a greater mummy
 22215 | Tomb:3   | Identified the +12 plate armour of Ralygam {rF+ Regen+ Int+3} (You found it on level 3 of the Tomb of the Ancients)
 22222 | Tomb:3   | why now :(
 22311 | Tomb:3   | Noticed a greater mummy
 22316 | Tomb:3   | Noticed a greater mummy
 22353 | Tomb:3   | Identified the +1 pair of gloves of the Ward {Regen+ Str+3 Stlth+} (You found it on level 3 of the Tomb of the Ancients)
 22370 | Tomb:3   | Identified the ring of the Archfiend {Ice *Confuse rN+ MR++ Int+2} (You found it on level 3 of the Tomb of the Ancients)
 22374 | Tomb:3   | Identified the Collected Works on Feathers and Benedictions (You found it on level 3 of the Tomb of the Ancients)
 22410 | Tomb:3   | Noticed a greater mummy
 22418 | Tomb:3   | Killed a greater mummy
 22429 | Tomb:3   | Killed a greater mummy
 22464 | Tomb:3   | Noticed a greater mummy
 22482 | Tomb:3   | Killed a greater mummy
 22483 | Tomb:3   | Noticed a greater mummy
 22497 | Tomb:3   | Killed a greater mummy
 22601 | Tomb:3   | Got a golden rune of Zot
 22659 | Tomb:3   | Killed a greater mummy
 23564 | D:15     | Found a staircase to the Depths.
 23578 | Depths:1 | Entered Level 1 of the Depths
 23669 | Depths:1 | Found a gateway to Hell.
 23786 | Depths:2 | Paralysed by a giant eyeball for 2 turns
 23792 | Depths:2 | arkorax: howd you get your ac up by so much?
 23851 | Depths:2 | Reached XP level 25. HP: 269/269 MP: 28/28
 23900 | Depths:3 | 4thArraOfDagon: +12 plate
 23901 | Depths:3 | Found a one-way gate to the infinite horrors of the Abyss.
 23946 | Depths:4 | arkorax: nice
 24001 | Depths:4 | Found a one-way gate leading to the halls of Pandemonium.
 24081 | Depths:5 | Entered Level 5 of the Depths
 24345 | Depths:5 | Found a gate to the Realm of Zot.
 24381 | Depths:4 | Found a shimmering altar of Xom.
 24440 | Depths:4 | Found a gateway to a ziggurat.
 24452 | Zig:1    | Entered Level 1 of a ziggurat
 24466 | Zig:2    | Entered Level 2 of a ziggurat
 24484 | Zig:2    | Identified the ring "Wedeuhull" {rPois AC+2} (You found it on level 2 of a ziggurat)
 24487 | Zig:3    | Entered Level 3 of a ziggurat
 24510 | Zig:4    | Entered Level 4 of a ziggurat
 24546 | Zig:5    | Entered Level 5 of a ziggurat
 24551 | Zig:5    | Noticed Wyhosir the pandemonium lord
 24604 | Zig:5    | Paralysed by something for 3 turns
 24615 | Zig:5    | Gained mutation: Your body sometimes deteriorates upon taking damage. [mutagenic glow]
 24619 | Zig:5    | Killed Wyhosir the pandemonium lord
 24670 | Zig:6    | Entered Level 6 of a ziggurat
 24730 | Zig:6    | Identified the +5 broad axe of Modesty {speed, Int+4} (You found it on level 6 of a ziggurat)
 24784 | Zig:7    | Entered Level 7 of a ziggurat
 24790 | Zig:7    | Gained mutation: You tend to lose your temper in combat. [a shining eye]
 24800 | Zig:7    | Noticed Ydeqenir the pandemonium lord
 24847 | Zig:7    | Killed Ydeqenir the pandemonium lord
 24851 | Zig:7    | Identified a scroll of acquirement
 24871 | Zig:8    | Entered Level 8 of a ziggurat
 24919 | Zig:8    | Identified the ring "Zetzu Deca" {*Contam AC+4 Str+7 Int-4 Stlth+} (You found it on level 8 of a ziggurat)
 24926 | Zig:8    | Identified the amulet "Etzut" {+Rage MR- MP+9 Str+6} (You found it on level 8 of a ziggurat)
 24935 | Zig:9    | Entered Level 9 of a ziggurat
 25026 | Zig:10   | Entered Level 10 of a ziggurat
 25097 | Zig:10   | Reached XP level 26. HP: 276/276 MP: 28/28
 25121 | Zig:10   | Identified the Compendium of Cloudy Execration (You found it on level 10 of a ziggurat)
 25123 | Zig:10   | Identified the ring "Sylioph" {Ice Int+2} (You found it on level 10 of a ziggurat)
 25296 | Pan      | Entered Pandemonium
 25420 | Pan      | Noticed Deanomud the pandemonium lord
 25503 | Pan      | Killed Deanomud the pandemonium lord
 25519 | Pan      | Got a demonic rune of Zot
 25546 | Pan      | Found an exit through the horrors of the Abyss.
 25595 | Pan      | Reached skill level 1 in Dodging
 25676 | Pan      | Noticed Weriqabo the pandemonium lord
 25699 | Pan      | Killed Weriqabo the pandemonium lord
 25707 | Pan      | Identified the +3 pair of boots of the Centipede {*Contam rCorr MP+9} (You acquired it in Pandemonium)
 25721 | Pan      | Found an exit through the horrors of the Abyss.
 25801 | Pan      | Reached skill level 5 in Dodging
 25820 | Pan      | Noticed Cumachua the pandemonium lord
 25845 | Pan      | Killed Cumachua the pandemonium lord
 25927 | Pan      | Noticed Wera the pandemonium lord
 25979 | Pan      | Reached skill level 10 in Dodging
 26021 | Pan      | Found an exit through the horrors of the Abyss.
 26104 | Pan      | Entered the realm of Mnoleg.
 26134 | Pan      | Gained mutation: Your body often deteriorates upon taking damage. [a neqoxec]
 26237 | Pan      | Noticed Mnoleg
 26284 | Pan      | Killed Mnoleg
 26326 | Pan      | Got a glowing rune of Zot
 26406 | Pan      | Gained mutation: Your magical capacity is very low. (-20% MP) [a cacodemon]
 26419 | Pan      | Entered the realm of Gloorx Vloq.
 26697 | Pan      | Reached XP level 27. HP: 230/298 MP: 24/24
 26764 | Pan      | Noticed Gloorx Vloq
 26795 | Pan      | Killed Gloorx Vloq
 26795 | Pan      | Reached skill level 15 in Dodging
 26814 | Pan      | Got a dark rune of Zot
 26864 | Pan      | Found an exit through the horrors of the Abyss.
 26967 | Pan      | Found an exit through the horrors of the Abyss.
 27102 | Pan      | Noticed Sytemoan the pandemonium lord
 27125 | Pan      | Killed Sytemoan the pandemonium lord
 27190 | Pan      | Identified the +8 large shield of Prudence {+Inv rF- Slay+2 Stlth+} (You took it off a daeva in Pandemonium)
 27335 | Pan      | Found an exit through the horrors of the Abyss.
 27676 | Pan      | Noticed Hoczi the pandemonium lord
 27700 | Pan      | Killed Hoczi the pandemonium lord
 27721 | Pan      | Noticed Efaatikk the pandemonium lord
 27760 | Pan      | Killed Efaatikk the pandemonium lord
 27764 | Pan      | Identified the +1 chain mail of the Insatiable Wars {Int+3} (You found it in Pandemonium)
 27772 | Pan      | Entered the realm of Lom Lobon.
 27914 | Pan      | Noticed Lom Lobon
 27961 | Pan      | Killed Lom Lobon
 27980 | Pan      | Got a magical rune of Zot
 28124 | Pan      | Found an exit through the horrors of the Abyss.
 28318 | Pan      | Noticed Ebobior the pandemonium lord
 28342 | Pan      | Killed Ebobior the pandemonium lord
 28346 | Pan      | Entered the realm of Cerebov.
 28519 | Pan      | Noticed Cerebov
 28565 | Pan      | Killed Cerebov
 28607 | Pan      | Got a fiery rune of Zot
 28775 | Pan      | Noticed Nogojiu the pandemonium lord
 28823 | Pan      | Found an exit through the horrors of the Abyss.
 28835 | Pan      | Took an exit into the Abyss.
 28835 | Abyss:1  | Escaped into the Abyss
 29036 | Abyss:5  | Entered Level 5 of the Abyss
 29049 | Abyss:5  | magipi: yeah
 29331 | Abyss:5  | Found a bloodstained altar of Trog.
 29355 | Abyss:5  | FUCK
 29387 | Abyss:5  | magipi: yess
 29393 | Abyss:5  | Found a corrupted altar of Lugonu.
 29395 | Abyss:5  | Got an abyssal rune of Zot
 29492 | Depths:4 | Escaped the Abyss
 29519 | Hell     | Entered the Vestibule of Hell
 29519 | Hell     | Noticed Geryon
 29556 | Hell     | Killed Geryon
 29608 | Hell     | Found a gateway to the decaying netherworld of Tartarus.
 29647 | Tar:1    | Entered Level 1 of Tartarus
 29824 | Tar:3    | Lost mutation: You are robust. (+10% HP) [mutagenic glow]
 29845 | Tar:4    | Lost mutation: Your mind is very acute. (Int +4) [mutagenic glow]
 29990 | Tar:4    | Gained mutation: Your spells are a little easier to cast, but a little less powerful. [mutagenic glow]
 30037 | Tar:5    | Gained mutation: You are clumsy. (Dex -2) [mutagenic glow]
 30248 | Tar:7    | Entered Level 7 of Tartarus
 30376 | Tar:7    | Noticed Ereshkigal
 30386 | Tar:7    | Reached skill level 15 in Invocations
 30415 | Tar:7    | Killed Ereshkigal
 30503 | Tar:7    | Got a bone rune of Zot
 30600 | Hell     | Found a gateway to the ashen valley of Gehenna.
 30614 | Geh:1    | Entered Level 1 of Gehenna
 30959 | Geh:7    | Entered Level 7 of Gehenna
 30984 | Geh:7    | :(
 30984 | Geh:7    | wrong lung
 31008 | Geh:7    | Identified the +7 quarterstaff of Ydwojympo {distort, rC+ Str+3} (You found it on level 7 of Gehenna)
 31042 | Geh:7    | mapping fixed latouts
 31042 | Geh:7    | 4thArraOfKretin
 31188 | Geh:7    | Noticed Asmodeus
 31231 | Geh:7    | Got an obsidian rune of Zot
 31250 | Geh:7    | seren: why no axe of antimagic against asmodeus ?
 31283 | Hell     | 4thArraOfDagon: does it even work
 31297 | Hell     | Found a gateway to the Iron City of Dis.
 31316 | Dis:1    | Entered Level 1 of the Iron City of Dis
 31356 | Dis:1    | seren: ah maybe its spell set is divine magic
 31371 | Dis:1    | seren: explore mode should tell you now
 31396 | Dis:1    | seren: but you are probably right
 31549 | Dis:2    | 4thArraOfDagon: how much corr i can take
 31637 | Dis:3    | seren: I believe you can reach a negative AC
 31662 | Dis:4    | seren: but I am not sure if there is a cap
 31662 | Dis:4    | 4thArraOfDagon: yea but negative ac works the same as 0
 31806 | Dis:7    | Entered Level 7 of the Iron City of Dis
 31807 | Dis:7    | WHY RED HATCH
 31875 | Dis:7    | wat was that
 31932 | Dis:7    | whats wrong
 32151 | Dis:7    | Noticed Dispater
 32163 | Dis:7    | Got an iron rune of Zot
 32165 | Dis:7    | Got a bound jade amulet
 32171 | Dis:7    | seren: a phantom mirror on the iron giant next time ?
 32305 | Hell     | 4thArraOfDagon: ya
 32305 | Hell     | Identified the amulet of Selyifas {Spirit rElec rF+ Dex+2} (You found it on level 7 of the Iron City of Dis)
 32343 | Hell     | Found a gateway to the freezing wastes of Cocytus.
 32356 | Coc:1    | Entered Level 1 of Cocytus
 32582 | Coc:3    | Kenran: !lg * mifi win urune=15 min=turn
 32583 | Coc:3    | beem: 504. 4tharraofdagon the Axe Maniac (L27 MiFi of The Shining One), escaped with the Orb and 15 runes on 2014-03-24 13:59:27, with 45580760 points after 31770 turns and 6:50:11.
 32614 | Coc:3    | seren: close
 32645 | Coc:3    | Kenran: I need far more turns to get 3..
 32661 | Coc:4    | You fall through a shaft for 2 floors!
 32690 | Coc:6    | Kenran: !lg . win min=turn x=urune
 32694 | Coc:6    | beem: 26. [urune=3] Kenran the Champion of Chaos (L27 HOGl of Makhleb), escaped with the Orb and 3 runes on 2016-06-26 17:46:00, with 1889237 points after 58248 turns and 3:07:38.
 32720 | Coc:6    | seren: it is easier with a melee build but it is still impressive
 32803 | Coc:6    | HAL9000: zig easier with a melee build?
 32819 | Coc:6    | HAL9000: :D
 32828 | Coc:7    | Entered Level 7 of Cocytus
 32850 | Coc:7    | seren: you don't need to do zig to get 15 runes ?
 32900 | Coc:7    | HAL9000: if you don't do zig as melee you haven't won
 32932 | Coc:7    | HAL9000: is there anything more to do in this game
 32964 | Coc:7    | Kenran: do it while carrying the orb
 32964 | Coc:7    | HAL9000: :D:D:
 32969 | Coc:7    | HAL9000: and god wrath
 32990 | Coc:7    | Kenran: what's the worst god wrath in general, trog?
 33023 | Coc:7    | seren: if you got a quicksilver dragon you lose the fly effect ?
 33029 | Coc:7    | seren: and then dead ?
 33050 | Coc:7    | simples: use anti magic axe
 33052 | Coc:7    | HAL9000: i died today to trog wrath
 33061 | Coc:7    | HAL9000: OgBe
 33061 | Coc:7    | Noticed Antaeus
 33062 | Coc:7    | Kenran: if this is trunk, losing flight wont kill you
 33064 | Coc:7    | HAL9000: 0 int
 33076 | Coc:7    | Got an icy rune of Zot
 33157 | Coc:7    | 4thArraOfDagon: this level
 33157 | Coc:7    | 4thArraOfDagon: id not doable
 33157 | Coc:7    | 4thArraOfDagon: without flight
 33157 | Coc:7    | Kenran: ye, I hate it, onlye had it once
 33158 | Coc:7    | Kenran: managed a lucky tele
 33162 | Coc:7    | 4thArraOfDagon: yea
 33163 | Coc:7    | seren: they could have put the downstairs on different island at least
 33163 | Coc:7    | Kenran: hm, blink there?
 33172 | Coc:7    | 4thArraOfDagon: no blink
 33172 | Coc:7    | Kenran: ah k
 33172 | Coc:7    | 4thArraOfDagon: one scroll
 33200 | Coc:7    | 4thArraOfDagon: ok
 33200 | Coc:7    | 4thArraOfDagon: so
 33200 | Coc:7    | 4thArraOfDagon: 2 flight scroll
 33200 | Coc:7    | simples: potion of flight
 33200 | Coc:7    | 4thArraOfDagon: s
 33200 | Coc:7    | 4thArraOfDagon: potions
 33200 | Coc:7    | 4thArraOfDagon: and blink scroll
 33200 | Coc:7    | Kenran: but
 33200 | Coc:7    | Kenran: weren't you save there before?
 33200 | Coc:7    | 4thArraOfDagon: save where
 33205 | Coc:7    | Kenran: there was a whole in the wall, above the portals
 33210 | Coc:7    | 4thArraOfDagon: oh really
 33210 | Coc:7    | 4thArraOfDagon: wtf
 33210 | Coc:7    | 4thArraOfDagon: how i could miss that
 33210 | Coc:7    | Kenran: yeah this one
 33210 | Coc:7    | Kenran: that's why i asked for blink :D
 33242 | Hell     | 4thArraOfDagon: ok
 33262 | Depths:3 | Kenran: gg!
 33317 | Zot:1    | Entered Level 1 of the Realm of Zot
 33373 | Zot:2    | 4thArraOfDagon: nope
 33373 | Zot:2    | 4thArraOfDagon: that was badly played :D
 33507 | Zot:2    | arkorax: dayum 17 specs
 33627 | Zot:4    | Noticed an orb of fire
 33721 | Zot:5    | Entered Level 5 of the Realm of Zot
 33789 | Zot:5    | seren: is there anything that can kill you at this point ?
 33929 | Zot:5    | Noticed an ancient lich
 33944 | Zot:5    | Killed an ancient lich
 33964 | Zot:5    | 4thArraOfDagon: yes
 33993 | Zot:5    | 4thArraOfDagon: overconfidence
 33993 | Zot:5    | Noticed an ancient lich
 33994 | Zot:5    | Noticed an orb of fire
 34013 | Zot:5    | Killed an orb of fire
 34018 | Zot:5    | Noticed an orb of fire
 34024 | Zot:5    | Gained mutation: You are very clumsy. (Dex -4) [an orb of fire]
 34047 | Zot:5    | Killed an orb of fire
 34063 | Zot:5    | Noticed an orb of fire
 34080 | Zot:5    | Killed an orb of fire
 34081 | Zot:5    | seren: did you start with trog/oka or did you find the antimagic axe ?
 34091 | Zot:5    | Noticed an orb of fire
 34128 | Zot:5    | Killed an orb of fire
 34138 | Zot:5    | Killed an ancient lich
 34219 | Zot:5    | Noticed an ancient lich
 34232 | Zot:5    | Killed an ancient lich
 34257 | Zot:5    | Noticed an orb of fire
 34271 | Zot:5    | Killed an orb of fire
 34288 | Zot:5    | Noticed an orb of fire
 34301 | Zot:5    | Killed an orb of fire
 34304 | Zot:5    | Noticed an ancient lich
 34311 | Zot:5    | Killed an ancient lich
 34342 | Zot:5    | Got the Orb of Zot
 34420 | Zot:1    | 4thArraOfDagon: found
 34420 | Zot:1    | 4thArraOfDagon: somewhere
 34420 | Zot:1    | 4thArraOfDagon: in pits
 34420 | Zot:1    | 4thArraOfDagon: :D
 35106 | D:2      | arkorax: poor little goblin
 35112 | D:2      | arkorax: even berserked you
 35126 | D:2      | No ROBUBG
 35136 | D:2      | Killed Robin
 35218 | Zig:1    | Entered Level 1 of a ziggurat
 35227 | Zig:2    | Entered Level 2 of a ziggurat
 35237 | D:1      | magipi: wtf
 35237 | D:1      | arkorax: title
 35237 | D:1      | 4thArraOfDagon: :D
 35237 | D:1      | seren: ?
 35238 | D:$      | Escaped with the Orb!

Vault maps used:
D:1:      lightli_arrival_statue_moat
D:2:      elyvilon_altar_4, uniq_robin, uniq_terence
D:3:      grunt_qazlal_sundering, tgw_xom, uniq_jessica
D:4:      first_bread
D:5:      minmay_diamond_boxcup, solitary_fountain, guppyfry_early_lair_pool,
          uniq_blork_the_orc
D:6:      lemuel_crystal_altar, minmay_overflow_temple_star_quad, serial_shops,
          nicolae_shop_behind_doors
D:7:      old_standard_altar, grunt_livestock, minmay_misc_feat_x
D:8:      nicolae_ru_path_of_blood, overflow_temple_1_default, wad_hexagon
D:9:      lair_0_dummy
D:10:     uniq_fannar, uniq_sonja, uniq_psyche, uniq_nergalle
D:11:     orc_0_dummy, serial_shops, shop, shop, minmay_st_funbox
D:12:     minmay_bloctagon_deflated
D:13:     erik_vaults_2, serial_ice, serial_ice_l, serial_ice_e, serial_ice_b,
          serial_ice_a, portal_ice_cave_entry_imps, lab_entry_generic
D:14:     serial_park_tiny_pond
D:15:     grunt_enter_depths_snipers, hangedman_decor_clover_reticule
Lair:1:   minmay_guarded_unrand_snakebite, infiniplex_staircase_pool
Lair:2:   nicolae_swamp_entry_splash_gauntlet, nicolae_quartered_pool_little,
          grunt_forest_small_clearing_treed, uniq_harold
Lair:4:   minmay_snake_entry_guardpost_small, grunt_megastairs_5
Lair:5:   st_stairs_11, serial_bayou_shore_a, grunt_megastairs_1, uniq_urug
Lair:6:   minmay_lair_end_enchanted_forest, minmay_slime_entry_oklob_open,
          enter_volcano_4, nicolae_lair_yak_garden
Swamp:1:  nicolae_swamp_very_dense_foliage, infiniplex_staircase_pool_2
Swamp:2:  evilmike_swamp_ruin_house_4
Swamp:3:  serial_swamp_ruin, evilmike_swamp_ruin_rubble_1,
          evilmike_swamp_ruin_house_6, uniq_bai_suzhen
Swamp:4:  swamp
Snake:1:  serial_shops, shop, uniq_aizul
Snake:2:  spider_trap, uniq_azrael
Snake:3:  serial_shops, bzr_entry_water
Snake:4:  snake_pit_salamanders_mu, serial_shops, shop
Slime:2:  uniq_dissolution
Slime:4:  cheibrodos_slime_lost_civilization_2
Orc:2:    grunt_orc_gardens, grunt_orc_garden, grunt_orc_garden,
          grunt_orc_garden, grunt_orc_garden
Elf:1:    eino_elf_arrival_sip
Elf:2:    infiniplex_enter_wizlab_spiral, spider_trap, minivault_15, uniq_donald
Elf:3:    elf_hall
Vaults:1: nicolae_vaults_minivaults, hangedman_vaults_stream,
          hangedman_vaults_restitches, nicolae_vaults_big_angled_halls,
          nicolae_vaults_diagonal_hallway_9, vaults_dpeg_hooks,
          nicolae_vaults_alarming
Vaults:2: v_misc_24, ontoclasm_vaults_ligature, v_misc_9,
          ontoclasm_vaults_decontamination, minmay_crypt_entry_simple_box,
          vaults_room_fancy_cross, vaults_room_ringed_pool,
          hangedman_vaults_slither, grunt_vaults_focal,
          nicolae_vaults_little_ls, v_pattern_5
Vaults:3: nicolae_vaults_inception_scallops, vaults_mumra_hex,
          vaults_mumra_minichess_inversion, nicolae_vaults_murderbox,
          nicolae_vaults_big_angled_halls, v_misc_33, v_rooms_6,
          hangedman_vaults_corner, vaults_mumra_hexcomb, vaults_room_pools,
          hangedman_vaults_stretched_pinwheel, vaults_dpeg_ring
Vaults:4: vaults_mumra_chevron, hangedman_vaults_maws, v_misc_33,
          nicolae_vaults_what_the_h, hangedman_vaults_hat,
          nicolae_vaults_network_quinsquares, v_misc_25, st_hourglassy,
          vaults_room_fancy_cross, vaults_room_fours, basic_altar, serial_shops,
          shop
Vaults:5: uniq_saint_roka
Crypt:1:  grunt_crypt_arrival_webbed, uniq_khufu
Crypt:2:  eino_tiny_chamber, minmay_misc_feat_rows, uniq_jorgrun, uniq_mennas
Crypt:3:  david_glass_crypt, grunt_megastairs_4
Tomb:2:   uniq_boris
Tomb:3:   uniq_sojobo
Depths:1: minmay_misc_feat_four_crosses, hell_entry, nicolae_alphabet_shops,
          hangedman_stitches_earthworm, minmay_shop_grove
Depths:2: grunt_deathspiral_large, rand_demon_pan_entry_5, hell_entry,
          st_stairs_14, minmay_fire_ice_demons, infiniplex_staircase_door_maze,
          uniq_enchantress
Depths:3: minmay_box_of_statues, rand_demon_pan_entry_9,
          infiniplex_staircase_river, hell_entry, abyss_entry
Depths:4: due_chaos_kobolds, enter_ziggurat_a, pan_entry, hell_entry,
          nrook_uturn, abyss_entry_small_statue_room,
          infiniplex_staircase_zigzag_2
Depths:5: evilmike_zot_entry_diamond, abyss_entry, lightli_too_deep
Dis:3:    kennysheep_iron_temple
Dis:5:    hangedman_dis_decor_tower, nicolae_dis_strange_trophy_room
Dis:6:    lemuel_mystery_crypt
Dis:7:    iron_city_of_dis
Geh:2:    hangedman_generic_boss_arena
Geh:3:    nicolae_geh_lava_in_the_way
Geh:5:    nicolae_geh_amphitheater
Geh:7:    evilmike_geh
Coc:2:    serial_ice, serial_ice_d, serial_ice_m
Coc:7:    coc_mu
Tar:2:    grunt_tartarus_stairs_gauntlet_trap
Tar:3:    hangedman_tartarus_temple_path, nicolae_tar_cuneiform_sun
Tar:4:    nicolae_tar_cuneiform_two
Tar:6:    lemuel_nasty_fountain
Tar:7:    tar_mu
Zot:2:    lemuel_draconian_sentries
Zot:3:    lemuel_firehouse, lemuel_elevator
Zot:4:    lemuel_elevator
Abyss:4:  due_evilmike_abyss_rune_seething_liches
Abyss:5:  minivault_19, evilmike_abyss_rune_tso_outpost, minivault_11
Pan:      grunt_pan_frozen_over, pan_blood_fountain_small,
          nicolae_pan_sigil_itan, evilmike_mini_pan_layers,
          pan_blood_fountain_small, nicolae_pan_lom_lobonic_4,
          grunt_pan_pentagram, pan_blood_fountain_small, pan_blood_fountain,
          grunt_pan_pentagram, nicolae_pan_diamonds, evilmike_mini_pan_rooms,
          nicolae_pan_gloorx_vloqian_3, evilmike_mini_pan_corridor,
          nicolae_pan_double_arrow, nicolae_pan_lom_lobonic_1, rand_demon_5,
          nicolae_pan_strange_glyphs, evilmike_mini_pan_corner, mnoleg_st,
          gloorx_vloq, pan_blood_fountain_small, nicolae_pan_lom_lobonic_3,
          pan_captured_pigsty, evilmike_mini_pan_diamond,
          evilmike_mini_pan_pillars_b, pan_blood_fountain_small, rand_demon_3,
          nicolae_pan_sigil_uleosi, evilmike_holy_pan, evilmike_mini_pan_corner,
          grunt_pan_zigzag, pan_blood_fountain_small,
          evilmike_mini_pan_branches, rand_demon_5, special_room,
          nicolae_pan_sick_transit, lom_lobon, evilmike_mini_pan_doors,
          pan_blood_fountain, cerebov_st, rand_demon_7, lemuel_hall_of_pain,
          evilmike_mini_pan_doors, nicolae_pan_sigil_obb,
          evilmike_mini_pan_layers
Zig:7:    ziggurat_pillar_centre_dead_trees
Zig:9:    ziggurat_loot_2
Zig:10:   ziggurat_pillar_centre_oklobs
Lab:      nicolae_lab_statue, nicolae_lab_blocks, nicolae_lab_flowing_pool,
          nicolae_lab_swirl, labyrinth_skeletal_remains, nicolae_lab_arrow,
          nicolae_lab_starburst, nicolae_lab_garden, lab_fountain,
          nicolae_lab_t_cross
Bazaar:   bazaar_kb_twisted_cavern
IceCv:    ice_cave_small_dragons
Volcano:  volcano_tomb
WizLab:   wizlab_cigotuvi

Skill      XL: |  1  2  3  4  5  6  7  8  9 10 11 12 13 14 15 16 17 18 19 20 21 22 23 24 25 26 27 |
---------------+----------------------------------------------------------------------------------+-----
Fighting       | 4 5 6 7 8 10 11 12 13 14 15 16 17 18 19 22 25 26 | 26.8
Axes           | 3 4 5 6 8 10 11 13 14 16 17 19 20 21 22 24 25 26 | 26.1
Armour         | 4 5 6 7 9 10 11 12 13 14 15 16 17 20 25 26 | 26.0
Invocations    | 2 4 6 7 9 10 11 12 26 | 26.9
Shields        | 7 8 10 13 15 24 | 24.1
Translocations | 3 6 7 |  7.4
Spellcasting   | 2 4 5 |  5.0
Hexes          | 5 6 |  6.7
Charms         | 5 6 |  6.6
Dodging        | 14 17 | 17.1

Action                   |  1- 3 |  4- 6 |  7- 9 | 10-12 | 13-15 | 16-18 | 19-21 | 22-24 | 25-27 || total
-------------------------+-------+-------+-------+-------+-------+-------+-------+-------+-------++-------
Melee: War axe           |    66 |    54 |       |       |    95 |   585 |    42 |   843 |   688 ||  2373
       Headbutt          |     8 |    13 |    40 |   151 |   248 |   322 |   287 |   394 |  1045 ||  2508
       Hand axe          |       |    28 |   136 |   543 |   753 |       |       |       |       ||  1460
       Morningstar       |       |       |       |    40 |       |       |       |       |       ||    40
       Broad axe         |       |       |       |       |   151 |   506 |   934 |   374 |  3071 ||  5036
Throw: Throwing net      |       |       |       |       |       |     1 |       |     3 |     2 ||     6
 Cast: Apportation       |       |       |       |       |       |       |     1 |     6 |    41 ||    48
       Repel Missiles    |       |       |       |       |       |       |       |     1 |     1 ||     2
       Silence           |       |       |       |       |       |       |       |     1 |       ||     1
Invok: Lesser Servant of |       |       |       |    19 |    11 |    13 |     4 |       |     8 ||    55
       Greater Servant o |       |       |       |       |     1 |     1 |     2 |       |    12 ||    16
       Major Destruction |       |       |       |       |       |     1 |       |       |     4 ||     5
Evoke: Wand              |       |       |    12 |    19 |     5 |    22 |     2 |    13 |    37 ||   110
       Phantom mirror    |       |       |       |       |       |     1 |       |       |       ||     1
       Box of beasts     |       |       |       |       |       |       |       |     1 |     1 ||     2
       Fan of gales      |       |       |       |       |       |       |       |     1 |       ||     1
       Figurine of a zig |       |       |       |       |       |       |       |       |     1 ||     1
  Use: Potion            |       |     3 |     1 |     4 |     4 |    19 |       |    14 |    16 ||    61
       Scroll            |       |       |    10 |    12 |    18 |    18 |    14 |    12 |    57 ||   141
 Stab: Paralysed         |       |       |     6 |     4 |     1 |     2 |       |       |     4 ||    17
       Distracted        |       |       |     1 |     2 |     5 |     6 |     3 |     1 |     4 ||    22
       Sleeping          |       |       |     1 |     8 |       |       |       |       |       ||     9
       Invisible         |       |       |       |    14 |       |       |       |       |       ||    14
       Confused          |       |       |       |       |     1 |       |       |       |     2 ||     3
       Petrified         |       |       |       |       |       |     3 |       |       |     1 ||     4
       Petrifying        |       |       |       |       |       |     2 |       |       |     2 ||     4
       Held in net/web   |       |       |       |       |       |       |       |     9 |       ||     9
  Eat: Chunk             |       |       |    13 |    19 |       |     4 |     1 |     2 |     2 ||    41
       Fruit             |       |       |       |    13 |       |     2 |       |     4 |     2 ||    21
       Royal jelly       |       |       |       |     1 |     1 |       |     1 |       |       ||     3
       Beef jerky        |       |       |       |     1 |     3 |       |     2 |       |       ||     6
       Meat ration       |       |       |       |     1 |     2 |       |       |     5 |     7 ||    15
       Pizza             |       |       |       |       |     2 |     3 |     3 |       |       ||     8
       Bread ration      |       |       |       |       |       |     2 |       |       |     2 ||     4
Armor: Scale mail        |    62 |    21 |    63 |   140 |       |       |       |       |       ||   286
       Skin              |       |       |       |     5 |       |       |       |       |       ||     5
       Plate armour      |       |       |       |     3 |   486 |   339 |   141 |   185 |  1812 ||  2966
       Chain mail        |       |       |       |       |       |     5 |   164 |   241 |       ||   410
Dodge: Dodged            |    37 |    24 |    44 |   170 |   627 |   343 |   363 |   427 |  2197 ||  4232
       Deflected         |       |       |       |       |       |       |       |     6 |     4 ||    10
Block: Shield            |    71 |    43 |    61 |    32 |       |   354 |   622 |   809 |  1610 ||  3602
       Other             |       |       |       |    75 |   173 |       |       |       |       ||   248
       Reflection        |       |       |       |     5 |    17 |    30 |       |       |       ||    52
       Buckler           |       |       |       |       |    64 |   254 |       |       |       ||   318
       Large shield      |       |       |       |       |       |       |       |       |  3772 ||  3772
